 Dungeon Crawl Stone Soup version 0.17.0-9-g801d43b (webtiles) character file.

49 oplop the Sneak (level 3, -3/19 HPs)
             Began as a Vine Stalker Assassin on Nov 9, 2015.
             Killed from afar by Natasha (5 damage)
             ... with a magic dart
             ... on level 2 of the Dungeon.
             The game lasted 00:02:09 (871 turns).

oplop the Sneak (Vine Stalker Assassin)              Turns: 871, Time: 00:02:09

Health: -3/19      AC:  3    Str: 14    XL:     3   Next: 77%
Magic:  0/4        EV: 11    Int: 11    God:
Gold:   93         SH:  0    Dex: 15    Spells: 0 memorised, 2 levels left

rFire  . . .     SeeInvis .     a - +2 dagger
rCold  . . .     Clarity  .     c - +0 robe
rNeg   . . .     SustAt   .     (no shield)
rPois  .         Gourm    .     (no helmet)
rElec  .         Spirit   +     d - +0 cloak
rCorr  .         Warding  .     (no gloves)
rMut   .         Stasis   .     (no boots)
MR     .....                    (no amulet)
Stlth  +++.......               (no ring)
                                (no ring)

@: not resistant to hostile enchantments, fairly stealthy
A: fangs 2, regeneration 1, magic shield, antimagic bite, no device heal 3, rot
immunity
a: no special abilities


You were on level 2 of the Dungeon.
You were not hungry.

You visited 1 branch of the dungeon, and saw 2 of its levels.

You collected 93 gold pieces.

Inventory:

Hand Weapons
 a - a +2 dagger (weapon)
 b - a +0 blowgun
Missiles
 e - 8 poisoned needles
 f - 2 curare-tipped needles
Armour
 c - a +0 robe (worn)
 d - a +0 cloak (worn)
Scrolls
 h - 2 scrolls of remove curse {unknown}
 i - a scroll of recharging {unknown}
 l - a scroll of fear {unknown}
 o - 2 scrolls of identify {unknown}
 r - a scroll of enchant armour {unknown}
 s - a scroll of noise {unknown}
Potions
 j - a potion of curing {unknown}
 k - a potion of haste {unknown}
 n - a potion of lignification {unknown}
Comestibles
 g - 4 bread rations
 m - a meat ration
 p - a beef jerky
 q - 2 chunks of flesh


   Skills:
 + Level 2.4 Fighting
 + Level 2.5 Short Blades
 - Level 1.7 Throwing
 - Level 0.7 Dodging
 + Level 5.5 Stealth


You had 2 spell levels left.
You didn't know any spells.

Dungeon Overview and Level Annotations

Branches:
Dungeon (2/15)

Altars:

Annotations:
D:2 Natasha


Innate Abilities, Weirdness & Mutations

You have extremely sharp teeth.
Your natural rate of healing is unusually fast.
When hurt, damage is shared between your health and your magic reserves.
Your bite disrupts and absorbs the magic of your enemies.
Potions and wands cannot restore your health.
You are immune to rotting.


Message History

Natasha is lightly wounded.
The kobold hits you but does no damage. Natasha barely misses you.
The crimson imp closely misses you.
You hit Natasha but do no damage.
Natasha is lightly wounded.
The kobold barely misses you. Natasha closely misses you.
The crimson imp hits you but does no damage.
You hit Natasha.
Natasha is moderately wounded.
The kobold hits you with a dagger.
* * * LOW HITPOINT WARNING * * *
Natasha claws you.
* * * LOW HITPOINT WARNING * * *
The crimson imp hits you.
The crimson imp blinks!
You see here a stone.
Unknown command.
Natasha casts a spell at you. The magic dart hits you!
You die...

########## .........####
............
..........#####
..............P
......§...# ..).....hK#
..........# .
.##.#######@####PPP .
..#........(....... .#
##..#.#######.#######
..##..##.# #.#######..
......#..#######'#........
#....##...................
#..†.#....................
.........†................
..<#......................


You could see Natasha and a kobold.

Vanquished Creatures
  An adder (D:1)
  5 bats (D:1)
  3 giant cockroaches
  8 goblins (D:1)
  7 hobgoblins
  A ball python (D:2)
  A giant newt (D:1)
  6 kobolds (D:1)
  6 rats
38 creatures vanquished.

Vanquished Creatures (others)
  2 kobolds (D:1)
2 creatures vanquished.

Grand Total: 40 creatures vanquished

Notes
Turn   | Place    | Note
--------------------------------------------------------------
     0 | D:1      | oplop the Vine Stalker Assassin began the quest for the Orb.
     0 | D:1      | Reached XP level 1. HP: 11/11 MP: 2/2
    25 | D:1      | Reached skill level 5 in Stealth
    65 | D:1      | Reached XP level 2. HP: 15/15 MP: 3/3
   391 | D:1      | Reached XP level 3. HP: 7/19 MP: 2/4
   858 | D:2      | Noticed Natasha
   871 | D:2      | Killed from afar by Natasha

Action                   || total
-------------------------++-------
Melee: Dagger            ||    73
 Fire: Blowgun           ||     5
 Stab: Sleeping          ||    12
       Distracted        ||     1
